 Dungeon Crawl Stone Soup version 0.30.1-3-gfc49f6343a (webtiles) character file.

Game seed: 8866978585712765437

228 kalomar the Ruffian (level 6, -1/50 HPs)
             Began as a Ghoul Gladiator on July 26, 2023.
             Slain by an ogre
             ... wielding a +0 giant club
              (29 damage)
             ... on level 4 of the Dungeon.
             The game lasted 00:23:38 (2074 turns).

kalomar the Ruffian (Ghoul Gladiator)               Turns: 2074, Time: 00:23:39

Health: -1/50      AC:  6    Str: 20    XL:     6   Next: 2%
Magic:  5/5        EV: 11    Int:  3    God:
Gold:   159        SH:  5    Dex: 10    Spells: 5/5 levels left

rFire   . .          .
                       - Unarmed
rCold   + . .        (no shield)
rNeg    + + +        e - +0 ring mail
rPois   ∞            b - +0 helmet
rElec   .            (no cloak)
rCorr   .            (no gloves)
SInv    .            (no boots)
Will    .....        k - amulet of reflection
Stlth   +            (no ring)
HPRegen 0.00/turn    (no ring)
MPRegen 0.09/turn

%: reflection
@: inhibited regen
A: claws 1, cold resistance 1, negative energy resistance 3, inhibited
regeneration, torment resistance 2, devour on kill
a: no special abilities


You were on level 4 of the Dungeon.
You visited 1 branch of the dungeon, and saw 4 of its levels.

You collected 159 gold pieces.

Inventory:

Hand Weapons
 g - a +0 dagger
 i - a +0 club
 j - a +0 whip
 l - a +3 quarterstaff of chaos
 m - a +0 whip
 p - a +0 short sword
 t - a +1 hammer of protection
 x - the +7 mace of the Conjuring Stork {protect, rF+}
   (You found it on level 3 of the Dungeon)

   rF:        It protects you from fire.
Missiles
 c - 3 throwing nets (quivered)
 d - a javelin
Armour
 a - a +0 leather armour
 b - a +0 helmet (worn)
 e - a +0 ring mail (worn)
 r - a +0 leather armour
 s - a +0 cloak
 w - a +0 scale mail
Jewellery
 k - an amulet of reflection (around neck)
Wands
 y - a wand of mindburst (12)
Scrolls
 h - 2 scrolls of identify {unknown}
 q - a scroll of vulnerability {unknown}
 u - a scroll of amnesia {unknown}
Potions
 f - a potion of brilliance {unknown}
 n - 2 potions of curing {unknown}
 o - 2 potions of might {unknown}
 v - a potion of degeneration {unknown}


   Skills:
 + Level 2.4 Fighting
 + Level 2.0 Throwing
 + Level 1.9 Armour
 + Level 3.5 Dodging
 + Level 0.2 Stealth
 + Level 0.5 Shields
 + Level 5.5 Unarmed Combat


You had 5 spell levels left.
You didn't know any spells.
Your spell library contained the following spells:

 Spells                   Type           Power      Damage    Failure   Level
 Apportation              Tloc           0%         N/A       71%         1
 Necrotise                Necr           0%         1d4       71%         1
 Summon Small Mammal      Summ           0%         N/A       71%         1


Dungeon Overview and Level Annotations

Branches:
Dungeon (4/15)
 Temple: D:4-7

Altars:
Yredelemnul


Innate Abilities, Weirdness & Mutations

You are immune to poison.
You have sharp fingernails.
Your flesh is cold resistant. (rC+)
You are immune to negative energy. (rN+++)
You do not regenerate when monsters are visible.
You are immune to unholy pain and torment.
You thrive by killing the living.


Message History

The hound bites you. The hound barely misses you.
You claw the hound! You claw the hound.
The hound is severely wounded.
The hound closely misses you.
You scratch the hound.
You kill the hound!
You feel better.
You scratch the endoplasm.
The endoplasm is severely wounded.
A jelly comes into view.
The endoplasm freezes you.
You are frozen.
You resist.
You scratch the endoplasm.
You kill the endoplasm!
Found a scroll labelled HIRCHE FESI ABOBA.
You see here a hound corpse.
The jelly jiggles.
You claw the jelly!
Your claws burn!
The jelly is heavily wounded.
The jelly barely misses you.
You scratch the jelly.
Your claws burn!
The jelly is almost dead.
You block the jelly's attack.
You claw the jelly!
You kill the jelly!
You have reached level 6!
Found 7 gold pieces and a scroll labelled XEONAE ACZENA.
An ogre comes into view. It is wielding a +0 giant club.
The ogre shouts!
The ogre hits you with a +0 giant club!!
You scratch the ogre.
The ogre is lightly wounded.
The ogre barely misses you.
You claw the ogre!
The ogre is heavily wounded.
You claw the ogre!
The ogre is severely wounded.
The ogre hits you with a +0 giant club!!
Ouch! That really hurt!
You die...

....##. . ......
.. ###....
.#.....## #
.....?.##.# #
#........#.
#$#..........
..##.##.@O......
.#...#.##....#.
.# #..## ..##
#...#..# ##
##.##..# #.
#.#...##
...#.....#
.###....#
...#.....#


You could see an ogre.

Vanquished Creatures
  2 hounds
  A jelly (D:4)
  Crazy Yiuf (D:3)
  A hound zombie (D:3)
  2 adders
  2 dart slugs
  An orc (D:3)
  4 ball pythons
  9 bats
  5 endoplasms
  3 giant cockroaches (D:3)
  7 goblins
  10 hobgoblins
  4 jackals
  2 quokkas
  6 frilled lizards
  A giant cockroach zombie (D:3)
  A jackal zombie (D:3)
  7 kobolds
  A quokka zombie (D:3)
  5 rats
75 creatures vanquished.

Notes
Turn   | Place    | Note
-------+----------+-------------------------------------------
     0 | D:1      | kalomar the Ghoul Gladiator began the quest for the Orb.
     0 | D:1      | Reached XP level 1. HP: 17/17 MP: 0/0
   141 | D:1      | Reached XP level 2. HP: 20/24 MP: 1/1
   534 | D:1      | Reached XP level 3. HP: 30/30 MP: 2/2
   688 | D:2      | Reached skill level 4 in Unarmed Combat
  1501 | D:3      | Reached XP level 4. HP: 30/37 MP: 3/3
  1533 | D:3      | Reached skill level 1 in Armour
  1544 | D:3      | Found a basalt altar of Yredelemnul.
  1762 | D:3      | Found a runed translucent door.
  1763 | D:3      | Noticed Crazy Yiuf
  1774 | D:3      | Killed Crazy Yiuf
  1775 | D:3      | Reached skill level 5 in Unarmed Combat
  1775 | D:3      | Reached XP level 5. HP: 3/42 MP: 4/4
  2006 | D:3      | Identified the +7 mace of the Conjuring Stork {protect,
                  | rF+}
  2060 | D:4      | Reached XP level 6. HP: 44/50 MP: 5/5
  2074 | D:4      | Slain by an ogre

Illustrated notes

Levels and vault maps discovered:
D:1:      minmay_arrival_nine_rooms, layout_basic
D:2:      layout_loops_ring, minmay_split_cup_small
D:3:      layout_loops_ring, nicolae_yredelemnul_corpse_copse,
          overflow_temple_1_default, minmay_starry_boxes,
          uniq_crazy_yiuf_cottage
D:4:      minmay_diamond_boxcup, layout_cave_pools,
          mainiacjoe_overflow_brackets, minmay_ruptured, uniq_sigmund

Skill      XL: |  1  2  3  4 |
---------------+-------------+-----
Dodging        | 3 |  3.5
Unarmed Combat | 4 5 |  5.5
Throwing       | 2 |  2.0
Armour         | 1 |  1.9
Fighting       | |  2.4
Stealth        | |  0.2
Shields        | |  0.5

Action                     |  1- 3 |  4- 6 || total
---------------------------+-------+-------++-------
  Melee: Unarmed           |   123 |   110 ||   233
         Punch             |     3 |     5 ||     8
 Armour: Leather armour    |    42 |       ||    42
         Ring mail         |     5 |    37 ||    42
  Dodge: Dodged            |    85 |    53 ||   138
  Block: Other             |     6 |    17 ||    23
         Reflection        |     1 |     1 ||     2
